TOP OF THE 1ST |
---|
Gresham Gold Souls batting - Pitching for District 9 Prawns : RHP Lee Hecker | Pitching: RHP Lee Hecker | | Batting: LHB Jeff Douglas | 0-0: Called Strike 0-1: Ball 1-1: Foul Ball, location: 2F 1-2: Foul Ball, location: 2F 1-2: Ball 2-2: Foul Ball, location: 2F 2-2: Fly out, F9 (Line Drive, 9S) | Batting: RHB Augusto Baiano | 0-0: Foul Ball, location: 2F 0-1: Ball 1-1: Foul Ball, location: 2F 1-2: Foul Ball, location: 2F 1-2: Ball 2-2: Strikes out swinging | Batting: LHB Bill Smith | 0-0: Ball 1-0: Called Strike 1-1: Foul Ball, location: 2F 1-2: Ground out 4-3 (Groundball, 4) | Top of the 1st over - 0 runs, 0 hits, 0 errors, 0 left on base; Gresham 0 - District 9 0 | BOTTOM OF THE 1ST |
---|
District 9 Prawns batting - Pitching for Gresham Gold Souls : RHP Miguel Ortíz | Pitching: RHP Miguel Ortíz | | Batting: SHB José Estreito | 0-0: Ground out 5-3 (Groundball, 5S) | Batting: RHB José Colón | 0-0: Ball 1-0: Ground out 4-3 (Groundball, 4) | Batting: RHB Felipe Jareño | 0-0: Foul Ball, location: 2F 0-1: Swinging Strike 0-2: SINGLE (Flyball, 8LS) | Batting: LHB Terry Simpson | 0-0: Ball 1-0: Called Strike 1-1: Foul Ball, location: 2F 1-2: Strikes out swinging | Bottom of the 1st over - 0 runs, 1 hit, 0 errors, 1 left on base; Gresham 0 - District 9 0 | TOP OF THE 2ND |
---|
Gresham Gold Souls batting - Pitching for District 9 Prawns : RHP Lee Hecker | Batting: LHB Millard Dye | 0-0: Called Strike 0-1: Ball 1-1: Fly out, F9 (Flyball, 9D) | Batting: LHB Ezechiele Bruno | 0-0: Ball 1-0: Ball 2-0: Called Strike 2-1: TRIPLE (Flyball, 8LXD) | Batting: SHB Todd Smith | 0-0: Swinging Strike 0-1: Ground out 6-3 (Groundball, 6) Ezechiele Bruno scores | Batting: RHB Jaime Rodríguez | 0-0: Ball 1-0: Fly out, F7 (Line Drive, 7) | Top of the 2nd over - 1 run, 1 hit, 0 errors, 0 left on base; Gresham 1 - District 9 0 | BOTTOM OF THE 2ND |
---|
District 9 Prawns batting - Pitching for Gresham Gold Souls : RHP Miguel Ortíz | Batting: RHB Ron Glass | 0-0: Called Strike 0-1: Ball 1-1: Ball 2-1: Ball 3-1: Called Strike 3-2: Strikes out swinging | Batting: RHB Reynold Akker | 0-0: Ball 1-0: Ground out 5-3 (Groundball, 5L) | Batting: RHB Gil Palmer | 0-0: Ground out 5-3 (Groundball, 56) | Bottom of the 2nd over - 0 runs, 0 hits, 0 errors, 0 left on base; Gresham 1 - District 9 0 | TOP OF THE 3RD |
---|
Gresham Gold Souls batting - Pitching for District 9 Prawns : RHP Lee Hecker | Batting: SHB Francis Shaffer | 0-0: Ball 1-0: Ball 2-0: SINGLE (Line Drive, 3D) | Batting: SHB Sean Carr | 0-0: Swinging Strike 0-1: Grounds into double play, 5-4-3 (Groundball, 5) | Batting: LHB Jeff Douglas | 0-0: Fly out, F8 (Flyball, 89M) | Top of the 3rd over - 0 runs, 1 hit, 0 errors, 0 left on base; Gresham 1 - District 9 0 | BOTTOM OF THE 3RD |
---|
District 9 Prawns batting - Pitching for Gresham Gold Souls : RHP Miguel Ortíz | Batting: RHB Lúcio García | 0-0: Swinging Strike 0-1: Ball 1-1: Ball 2-1: Swinging Strike 2-2: Ball 3-2: Base on Balls | Batting: RHB Alfredo Rangel | 0-0: Ball 1-0: Called Strike 1-1: Foul Ball, location: 2F 1-2: SINGLE (Flyball, 9S) Lúcio García to second Runner from 2nd tries for 3rd, SAFE, throw made to third | Batting: SHB José Estreito | 0-0: Ball 1-0: Called Strike 1-1: Swinging Strike 1-2: Ball 2-2: Ball 3-2: Base on Balls Alfredo Rangel to second | Batting: RHB José Colón | 0-0: Foul Ball, location: 2F 0-1: Grounds into double play, 5-4-3 (Groundball, 56) Lúcio García scores Alfredo Rangel to third | Batting: RHB Felipe Jareño | 0-0: Ball 1-0: 2-RUN HOME RUN (Flyball, 9D), Distance : 387 ft | Batting: LHB Terry Simpson | 0-0: Called Strike 0-1: Foul Ball, location: 2F 0-2: Ground out 6-3 (Groundball, 6S) | Bottom of the 3rd over - 3 runs, 2 hits, 0 errors, 0 left on base; Gresham 1 - District 9 3 | TOP OF THE 4TH |
---|
Gresham Gold Souls batting - Pitching for District 9 Prawns : RHP Lee Hecker | Batting: RHB Augusto Baiano | 0-0: Called Strike 0-1: SINGLE (Flyball, 89S) | Batting: LHB Bill Smith | 0-0: Swinging Strike 0-1: Foul Ball, location: 2F 0-2: Ground out 4-3 (Groundball, 4MS) Augusto Baiano to second | Batting: LHB Millard Dye | 0-0: Called Strike 0-1: Ball 1-1: Ball 2-1: Ground out U3 (Groundball, 3L) Augusto Baiano to third | Batting: LHB Ezechiele Bruno | 0-0: Foul Ball, location: 2F 0-1: Fly out, F9 (Line Drive, 9) | Top of the 4th over - 0 runs, 1 hit, 0 errors, 1 left on base; Gresham 1 - District 9 3 | BOTTOM OF THE 4TH |
---|
District 9 Prawns batting - Pitching for Gresham Gold Souls : RHP Miguel Ortíz | Batting: RHB Ron Glass | 0-0: Ball 1-0: Foul Ball, location: 2F 1-1: Ball 2-1: Ground out 6-3 (Groundball, 6S) | Batting: RHB Reynold Akker | 0-0: Called Strike 0-1: Ball 1-1: SINGLE (Groundball, 6MD) | Batting: RHB Gil Palmer | 0-0: Ball 1-0: Fly out, F5 (Line Drive, 5) | Batting: RHB Lúcio García | Pickoff Throw to First - Out! | Bottom of the 4th over - 0 runs, 1 hit, 0 errors, 0 left on base; Gresham 1 - District 9 3 | TOP OF THE 5TH |
---|
Gresham Gold Souls batting - Pitching for District 9 Prawns : RHP Lee Hecker | Batting: SHB Todd Smith | 0-0: Ball 1-0: Ball 2-0: Fly out, F9 (Flyball, 89S) | Batting: RHB Jaime Rodríguez | 0-0: Ball 1-0: Fly out, F7 (Flyball, 7) | Batting: SHB Francis Shaffer | 0-0: Ball 1-0: Foul Ball, location: 2F 1-1: Foul Ball, location: 2F 1-2: Strikes out swinging | Top of the 5th over - 0 runs, 0 hits, 0 errors, 0 left on base; Gresham 1 - District 9 3 | BOTTOM OF THE 5TH |
---|
District 9 Prawns batting - Pitching for Gresham Gold Souls : RHP Miguel Ortíz | Batting: RHB Lúcio García | 0-0: Ball 1-0: Fly out, F9 (Flyball, 9) | Batting: RHB Alfredo Rangel | 0-0: Ball 1-0: Ball 2-0: Ball 3-0: Called Strike 3-1: Base on Balls | Batting: SHB José Estreito | 0-0: Ball 1-0: Foul Ball, location: 2F 1-1: Ball 2-1: DOUBLE (Flyball, 78D) Alfredo Rangel to third | Batting: RHB José Colón | 0-0: Swinging Strike 0-1: Ball 1-1: Foul Ball, location: 2F 1-2: Ball 2-2: Foul Ball, location: 2F 2-2: Ball 3-2: Ground out 6-3 (Groundball, 56) Alfredo Rangel scores | Batting: RHB Felipe Jareño | 0-0: Ball 1-0: Foul Ball, location: 2F 1-1: Ball 2-1: Ball 3-1: Foul Ball, location: 2F 3-2: Base on Balls | Batting: LHB Terry Simpson | 0-0: Ball 1-0: Fielders Choice at 2nd, 6-4 (Groundball, 6) | Bottom of the 5th over - 1 run, 1 hit, 0 errors, 2 left on base; Gresham 1 - District 9 4 | TOP OF THE 6TH |
---|
Gresham Gold Souls batting - Pitching for District 9 Prawns : RHP Lee Hecker | Batting: SHB Sean Carr | 0-0: Swinging Strike 0-1: Ball 1-1: Fly out, F8 (Flyball, 8LD) | Batting: LHB Jeff Douglas | 0-0: Called Strike 0-1: Called Strike 0-2: Foul Ball, location: 2F 0-2: Fly out, F9 (Flyball, 89S) | Now in RF: Culley Vaughan | | Batting: RHB Augusto Baiano | 0-0: Called Strike 0-1: Ball 1-1: Ball 2-1: Ball 3-1: Called Strike 3-2: Fly out, F7 (Flyball, 7) | Top of the 6th over - 0 runs, 0 hits, 0 errors, 0 left on base; Gresham 1 - District 9 4 | BOTTOM OF THE 6TH |
---|
District 9 Prawns batting - Pitching for Gresham Gold Souls : RHP Miguel Ortíz | Batting: RHB Ron Glass | 0-0: Ball 1-0: Foul Ball, location: 2F 1-1: Swinging Strike 1-2: SINGLE (Groundball, 34D) | Batting: RHB Reynold Akker | 0-0: Ball 1-0: 2-RUN HOME RUN (Flyball, 9LD), Distance : 369 ft | Pitching: RHP Fernando Gutiérrez | | Batting: RHB Gil Palmer | 0-0: Ball 1-0: Fly out, F8 (Flyball, 8LM) | Batting: LHB Culley Vaughan | 0-0: Ball 1-0: Called Strike 1-1: Called Strike 1-2: Ball 2-2: Hit by Pitch | Batting: RHB Alfredo Rangel | 0-0: Ball 1-0: Ball 2-0: Fly out, F7 (Flyball, 7D) | Batting: SHB José Estreito | 0-0: Called Strike 0-1: Called Strike 0-2: Ball 1-2: Foul Ball, location: 2F 1-2: Fielders Choice at 2nd, 6-4 (Groundball, 6) | Bottom of the 6th over - 2 runs, 2 hits, 0 errors, 1 left on base; Gresham 1 - District 9 6 | TOP OF THE 7TH |
---|
Gresham Gold Souls batting - Pitching for District 9 Prawns : RHP Lee Hecker | Batting: LHB Bill Smith | 0-0: Foul Ball, location: 2F 0-1: Swinging Strike 0-2: Ball 1-2: Ball 2-2: Ground out 4-3 (Groundball, 4) | Batting: LHB Millard Dye | 0-0: Ball 1-0: DOUBLE (Line Drive, 7LM) | Batting: LHB Ezechiele Bruno | 0-0: Ball 1-0: Called Strike 1-1: Swinging Strike 1-2: Foul Ball, location: 2F 1-2: Ball 2-2: Strikes out swinging | Batting: SHB Todd Smith | 0-0: Ball 1-0: Called Strike 1-1: Ball 2-1: Fly out, F9 (Flyball, 89D) | Top of the 7th over - 0 runs, 1 hit, 0 errors, 1 left on base; Gresham 1 - District 9 6 | BOTTOM OF THE 7TH |
---|
District 9 Prawns batting - Pitching for Gresham Gold Souls : RHP Fernando Gutiérrez | Batting: RHB José Colón | 0-0: Foul Ball, location: 2F 0-1: Foul Ball, location: 2F 0-2: Ball 1-2: Ground out 5-3 (Groundball, 56) | Batting: RHB Felipe Jareño | 0-0: Foul Ball, location: 2F 0-1: Called Strike 0-2: Strikes out swinging | Batting: LHB Terry Simpson | 0-0: Swinging Strike 0-1: Foul Ball, location: 2F 0-2: Strikes out swinging | Bottom of the 7th over - 0 runs, 0 hits, 0 errors, 0 left on base; Gresham 1 - District 9 6 | TOP OF THE 8TH |
---|
Gresham Gold Souls batting - Pitching for District 9 Prawns : RHP Lee Hecker | Now at SS: Boyd Pittman | | Now in LF: Donnie Cunningham | | Batting: RHB Jaime Rodríguez | 0-0: Called Strike 0-1: Called Strike 0-2: Ball 1-2: Ball 2-2: Foul Ball, location: 2F 2-2: Foul Ball, location: 2F 2-2: Strikes out swinging | Batting: SHB Francis Shaffer | 0-0: Ball 1-0: Fly out, F9 (Flyball, 9) | Batting: SHB Sean Carr | 0-0: Called Strike 0-1: Called Strike 0-2: Strikes out looking | Top of the 8th over - 0 runs, 0 hits, 0 errors, 0 left on base; Gresham 1 - District 9 6 | BOTTOM OF THE 8TH |
---|
District 9 Prawns batting - Pitching for Gresham Gold Souls : RHP Fernando Gutiérrez | Batting: RHB Ron Glass | 0-0: Ball 1-0: Fly out, F3 (Line Drive, 3S) | Batting: RHB Reynold Akker | 0-0: Ball 1-0: Foul Ball, location: 2F 1-1: Foul Ball, location: 2F 1-2: Ball 2-2: SINGLE (Flyball, 7LS) | Batting: RHB Gil Palmer | 0-0: Ball 1-0: Ground out 5-3 (Groundball, 25) Reynold Akker to second | Batting: LHB Culley Vaughan | 0-0: Foul Ball, location: 2F 0-1: Called Strike 0-2: Strikes out swinging | Bottom of the 8th over - 0 runs, 1 hit, 0 errors, 1 left on base; Gresham 1 - District 9 6 | TOP OF THE 9TH |
---|
Gresham Gold Souls batting - Pitching for District 9 Prawns : RHP Lee Hecker | Now at 3B: Manuel Cardenas | | Batting: LHB Jeff Douglas | 0-0: Called Strike 0-1: Fly out, F4 (Popup, 13S) | Batting: RHB Augusto Baiano | 0-0: Ball 1-0: Fly out, F7 (Flyball, 78D) | Batting: LHB Bill Smith | 0-0: Ball 1-0: Fly out, F4 (Popup, 34D) | Top of the 9th over - 0 runs, 0 hits, 0 errors, 0 left on base; Gresham 1 - District 9 6 | |